 Dungeon Crawl Stone Soup version 0.19.5 (webtiles) character file.

46 Jerry the Ducker (level 3, -2/26 HPs)
             Began as an Octopode Fighter on Mar 23, 2017.
             Slain by a gnoll
             ... wielding a +1 halberd of venom
              (4 damage)
             ... on level 2 of the Dungeon.
             The game lasted 00:02:19 (1675 turns).

Jerry the Ducker (Octopode Fighter)                 Turns: 1675, Time: 00:02:19

Health: -2/26      AC:  1    Str: 15    XL:     3   Next: 66%
Magic:  3/3        EV: 14    Int: 10    God:
Gold:   127        SH:  0    Dex: 12    Spells: 0 memorised, 2 levels left

rFire  . . .     SeeInvis .       - Unarmed
rCold  . . .     Gourm    .     (no shield)
rNeg   . . .     Faith    .     (helmet restricted)
rPois  .         Spirit   .     (no amulet)
rElec  .         Reflect  .     g - ring of protection from magic
rCorr  .         Harm     .     i - ring of wizardry
MR     +....                    (no ring)
Stlth  +++.......               (no ring)
                                (no ring)
                                (no ring)
                                (no ring)
                                (no ring)

@: lethally poisoned (-2 -> -11)
A: almost no armour, stealthy swim, amphibious, 8 rings, constrict 8, camouflage
1, gelatinous body 1
a: no special abilities


You were on level 2 of the Dungeon.
You were not hungry.

You visited 1 branch of the dungeon, and saw 2 of its levels.

You collected 127 gold pieces.

Inventory:

Armour
 a - a +0 shield
Jewellery
 g - a ring of protection from magic (left tentacle)
 i - a ring of wizardry (right tentacle)
Scrolls
 d - 2 scrolls of identify {unknown}
 e - a scroll of magic mapping {unknown}
 f - a scroll of enchant armour {unknown}
 l - a scroll of fear {unknown}
 n - a scroll of teleportation {unknown}
Potions
 b - a potion of might
 h - a potion of berserk rage {unknown}
 k - 2 potions of curing {unknown}
Comestibles
 c - 2 bread rations


   Skills:
 + Level 3.1 Fighting
 + Level 3.5 Dodging
 + Level 1.7 Stealth
 - Level 3.0 Shields
 * Level 2.9 Unarmed Combat


You had 2 spell levels left.
You didn't know any spells.

Dungeon Overview and Level Annotations

Branches:
Dungeon (2/15)

Altars:


Innate Abilities, Weirdness & Mutations

You cannot wear most types of armour.
You are very stealthy in the water. (Stealth+)
You are amphibious.
You can wear up to eight rings at the same time.
You can use your tentacles to constrict eight enemies at once.
Your skin changes colour to match your surroundings (Stealth+).
Your rubbery body absorbs attacks. (AC +1, EV +1)


Message History

You are too injured to fight recklessly!
You feel sick.
You feel sick.
* * * LOW HITPOINT WARNING * * *
You feel sick.
* * * LOW HITPOINT WARNING * * *
You feel sick.
* * * LOW HITPOINT WARNING * * *
You feel sick.
* * * LOW HITPOINT WARNING * * *
You feel sick. The gnoll barely misses you.
* * * LOW HITPOINT WARNING * * *
You feel sick.
* * * LOW HITPOINT WARNING * * *
You feel sick.
There is a stone staircase leading up here.
* * * LOW HITPOINT WARNING * * *
You feel sick.
The gnoll hits you from afar with a halberd of venom.
You die...

...................######
..#................##....
.......<.................
.................<###....
...................######
....#...#..........#
#...###.####.......#
.#...............##
##....@....#...####
#........)......#..
#.###.gg............
#.##................
#.........>.........
#...................
#......##...........
.......##...........
....................


You could see 2 gnolls.

Vanquished Creatures
  An adder (D:2)
  A gnoll (D:2)
  An ooze (D:1)
  A dart slug (D:1)
  2 goblins
  7 hobgoblins (D:1)
  3 bats
  6 kobolds
  A rat (D:1)
23 creatures vanquished.

Notes
Turn   | Place    | Note
-------+----------+-------------------------------------------
     0 | D:1      | Jerry the Octopode Fighter began the quest for the Orb.
     0 | D:1      | Reached XP level 1. HP: 16/16 MP: 1/1
   461 | D:1      | Reached XP level 2. HP: 21/21 MP: 2/2
   497 | D:1      | Reached skill level 1 in Stealth
  1192 | D:1      | Reached XP level 3. HP: 17/26 MP: 3/3
  1675 | D:2      | Slain by a gnoll

Skill      XL: |  1  2 |
---------------+-------+-----
Stealth        | 1 |  1.7
Fighting       | |  3.1
Dodging        | |  3.5
Shields        | |  3.0
Unarmed Combat | |  2.9

Action                   || total
-------------------------++-------
Melee: Unarmed           ||    61
       Constrict         ||    14
       Tentacles         ||    11
 Stab: Sleeping          ||     2
  Eat: Meat ration       ||     1
Armor: Skin              ||     3
Dodge: Dodged            ||    36
